 Dungeon Crawl Stone Soup version bcrawl-1.28.5 (webtiles) character file.

Game seed: 12762740194042659174

388886 Mehrunes the Spry (level 16, -3/101 HPs)
             Began as an Avariel Reaver on Jan 27, 2021.
             Was the Champion of Vehumet.
             Slain by a will-o'-wisp (10 damage)
             ... on level 1 of the Swamp.
             The game lasted 02:15:24 (33774 turns).

Mehrunes the Spry (Avariel Reaver)                 Turns: 33774, Time: 02:15:24

Health: -3/101     AC: 15    Str: 23    XL:     16   Next: 63%
Magic:  4/25       EV: 23    Int: 31    God:    Vehumet [******]
Gold:   219        SH:  8    Dex: 11    Spells: 6/25 levels left

rFire    . . .     SeeInvis .   i - +0 demon blade (flame)
rCold    . . .     Gourm    .   q - +0 buckler
rNeg     . . .     Faith    .   b - +0 steam dragon scales
rPois    .         Spirit   .   a - +0 hat of the Zebra {Str+3 Int+3 Slay+2}
rElec    .         Reflect  .   f - +0 cloak
rCorr    .         Harm     .   m - +1 pair of gloves
MR       ++...                  A - +2 pair of boots of Unefou {Int+5}
Stlth    +.........             (no amulet)
HPRegen  0.26/turn              E - ring of protection from magic
MPRegen  0.19/turn              u - +6 ring of strength

@: flying quickly and evasively, very slightly contaminated, quick
A: able to fly
a: Stop Flying, Renounce Religion


You were on level 1 of the Swamp.
You worshipped Vehumet.
Vehumet was exalted by your worship.
You were hungry.

You visited 5 branches of the dungeon, and saw 22 of its levels.
You also visited: Volcano.

You collected 2303 gold pieces.
You spent 2084 gold pieces at shops.

Inventory:

Hand Weapons
 i - a +0 demon blade of flaming (weapon)
 o - a +1 dagger of electrocution
Armour
 a - the +0 hat of the Zebra (worn) {Str+3 Int+3 Slay+2}
   (You acquired it on level 5 of the Lair of Beasts)

   It affects your strength (+3).
   It affects your intelligence (+3).
   It affects your accuracy and damage with ranged weapons and melee attacks
   (+2).
 b - +0 steam dragon scales (worn)
 f - a +0 cloak (worn)
 m - a +1 pair of gloves (worn)
 q - a +0 buckler (worn)
 t - a +1 hat of magic resistance
 A - the +2 pair of boots of Unefou (worn) {Int+5}
   (You found it on level 5 of the Dungeon)

   It affects your intelligence (+5).
 B - a +0 pair of boots
 G - the +9 scales of the Dragon King {rPois rF+ rC+ MR+}
   (You bought it in a shop on level 11 of the Dungeon)

   It protects you from fire.
   It protects you from cold.
   It protects you from poison.
   It affects your resistance to hostile enchantments.
Jewellery
 j - an uncursed ring of magical power
 u - a +6 ring of strength (right hand)
 E - a ring of protection from magic (left hand)
 F - an uncursed ring of positive energy
 L - an uncursed ring of stealth
 M - an uncursed ring of insulation
 N - an uncursed ring of resist corrosion
 R - an uncursed ring of protection from cold
 V - a +4 ring of dexterity
 W - an uncursed ring of protection from fire
Wands
 J - a wand of iceblast (6)
 S - a wand of flame (27)
 X - a wand of acid (8)
Scrolls
 d - 2 scrolls of immolation
 h - 7 scrolls of teleportation
 n - 5 scrolls of fog {unknown}
 s - 8 scrolls of remove curse
 w - 3 scrolls of amnesia
 y - 6 scrolls of identify
 K - 3 scrolls of enchant armour
 U - 4 scrolls of magic mapping
Potions
 c - a potion of haste
 g - 2 potions of cancellation
 k - a potion of mutation {unknown}
 l - 3 potions of invisibility
 r - a potion of berserk rage {unknown}
 v - 3 potions of agility
 x - 2 potions of magic
 z - 4 potions of curing
 C - 6 potions of brilliance
 D - 5 potions of flight
 H - a potion of heal wounds
 I - a potion of lignification {unknown}
 O - 3 potions of might
 Z - 2 potions of degeneration
Comestibles
 e - 49 rations {!d}


   Skills:
 - Level 12.0 Fighting
 - Level 9.2(10.6) Short Blades
 * Level 8.8(10.5) Long Blades
 - Level 11.0 Armour
 - Level 16.0 Dodging
 - Level 6.0 Shields
 - Level 5.0 Spellcasting
 - Level 14.3 Conjurations
 - Level 6.0 Charms
 - Level 6.0 Fire Magic
 - Level 2.4 Air Magic
 - Level 4.0 Earth Magic


You had 6 spell levels left.
You knew the following spells:

 Your Spells              Type           Power        Failure   Level  Hunger
a - Shock                 Conj/Air       #####        1%          1    None
b - Iskenderun's Battles  Conj/Chrm      ######..     1%          5    ######.
c - Flame Tongue          Conj/Fire      #####        1%          1    None
d - Bolt of Magma         Conj/Fire/Erth ######....   2%          5    ######.
e - Orb of Destruction    Conj           #######...   6%          7    #######

Your spell library contained the following spells:

 Spells                   Type           Power        Failure   Level  Hunger
 Mana Rupture             Conj/Hex       ######....   69%         7    #######
 Infusion                 Chrm           #####...     1%          1    None
 Magic Dart               Conj           ####         1%          1    None
 Song of Slaying          Chrm           #####...     1%          2    None
 Conjure Flame            Conj/Fire      ######..     1%          3    ###....
 Iskenderun's Mystic Bla  Conj           #######.     1%          3    ###....
 Mephitic Cloud           Conj/Pois/Air  #####...     1%          3    ###....
 Ozocubu's Armour         Chrm/Ice       ####....     9%          3    ###....
 Regeneration             Chrm/Necr      ####......   9%          3    ###....
 Spectral Weapon          Hex/Chrm       ####....     9%          3    ###....
 Airstrike                Air            ###.......   10%         4    #####..
 Blink                    Tloc           N/A          14%         2    None
 Call Imp                 Summ           #.....       14%         2    None
 Spider Form              Tmut/Pois      #..          28%         3    ###....
 Icicle Burst             Conj/Ice       ######....   69%         7    #######


Dungeon Overview and Level Annotations

Branches:
Dungeon (12/12)            Temple (0/1) D:6            Lair (6/6) D:9
  Swamp (2/3) Lair:3       Spider (0/3) Lair:3        Slime (0/5) Lair:6
    Orc (1/1) D:9             Elf (0/3) Orc          Vaults (0/3) D:12
 Depths (1/5) D:12

Altars:
Elyvilon
Okawaru
Vehumet
Beogh
Jiyva

Shops:
D:5 *   D:9 (   D:11 *=*   Orc **:[

Annotations:
Lair:1 Fannar
Lair:3 1 runed door, Huasawuy's ghost, journeyman TrWz
Lair:5 3 runed translucent doors, yrara's ghost, journeyman DsFi


Innate Abilities, Weirdness & Mutations

You can fly continuously.


Message History

Casting: Flame Tongue (safe; 1% risk of failure)
Confirm with . or Enter, or press ? or * to list all spells.
You conjure a globe of magical energy.
You are feeling hungry.
The will-o'-wisp hits you.
* * * LOW HITPOINT WARNING * * *
The will-o'-wisp shocks you!
* * * LOW HITPOINT WARNING * * *
The will-o'-wisp closely misses you.
Casting: Iskenderun's Battlesphere (safe; 1% risk of failure)
Confirm with . or Enter, or press ? or * to list all spells.
Aiming: Flame Tongue (safe; 1% risk of failure)
Press: ? - help, Shift-Dir - straight line, f/p - will-o'-wisp
Aim: a will-o'-wisp (lightly damaged)
The flame tongue hits the will-o'-wisp.
The will-o'-wisp resists.
The will-o'-wisp is lightly damaged.
The will-o'-wisp hits you!
* * * LOW HITPOINT WARNING * * *
The will-o'-wisp shocks you!
You die...

♣♣♣♣ ♣♣♣♣♣..≈♣♣♣≈..≈.♣♣♣♣♣♣.♣♣♣
♣.≈♣ ♣....≈≈≈.≈≈..≈≈≈≈≈≈.....≈♣
♣..♣♣ ♣♣.≈≈.≈≈≈..♣..≈≈≈≈.....≈..♣
♣..≈♣ ♣≈≈≈.♣♣♣....≈§.≈.≈..>.≈≈..≈
♣♣≈♣♣ ♣♣♣...≈.≈≈≈.♣♣≈..♣≈........
♣≈♣♣ ♣.....≈≈≈≈♣♣≈............
♣≈♣♣ ♣♣♣.≈≈*.♣♣♣......≈≈.≈≈..♣
♣..♣♣♣♣♣♣♣.≈≈≈≈.v♣≈.≈≈≈≈≈.♣.≈≈≈.♣
♣...≈..≈≈♣..≈≈≈.@≈.§≈≈≈≈.(..≈≈≈.♣
♣♣.≈♣§≈.♣♣...≈§≈≈..≈≈≈≈≈≈.♣....≈≈
♣♣♣♣...♣♣♣≈.§≈≈≈.)≈≈≈≈≈≈.♣...≈..
♣♣.≈..♣♣♣♣≈≈≈.≈≈≈≈≈≈≈≈....§...
♣♣♣≈....≈♣≈♣♣...≈≈≈≈.≈§.≈≈≈≈≈≈≈≈
♣♣≈....≈≈..♣♣♣≈≈.≈≈≈.....≈≈≈≈≈≈≈≈
♣.≈≈..≈≈≈≈.♣♣≈..≈......≈.≈≈≈...≈≈
≈≈≈≈≈≈≈≈≈≈......^......♣.≈≈≈.♣♣.≈
♣≈≈≈.≈≈≈≈≈≈≈≈≈≈§≈≈..≈≈..≈≈.≈♣♣♣♣≈


You could see a will-o'-wisp and a friendly battlesphere.

Vanquished Creatures
  Rupert (Orc)
  Kirke (Lair:5)
  A dire elephant (Lair:6)
  Urug (Lair:2)
  Harold (D:10)
  Snorg (D:11)
  9 hydras
  7 vault guards (D:12)
  2 centaur warriors
  Psyche (D:8)
  A death knight (D:11)
  A shambling mangrove (Swamp:1)
  4 alligators (Swamp:2)
  3 ogre magi
  5 two-headed ogres
  2 catoblepae
  A tengu warrior (D:12)
  A death yak (Lair:6)
  An orc high priest (Orc)
  Sonja (Lair:5)
  A goliath frog (Lair:3)
  A lindwurm (Lair:5)
  An unseen horror (D:10)
  A swamp dragon (Swamp:2)
  4 cyclopes
  An orb spider (Lair:3)
  3 orc knights
  5 ugly things
  7 orc sorcerers
  A manticore (Lair:6)
  2 will-o'-wisps (Swamp:2)
  8 elephants
  2 centaur zombies
  Joseph (D:10)
  3 black mambas
  A gargoyle (D:10)
  A torpor snail (Lair:6)
  15 cane toads
  2 efreet (D:12)
  3 centaur skeletons
  10 komodo dragons
  A queen bee (Lair:3)
  6 trolls
  16 polar bears
  Prince Ribbit (Lair:1)
  3 meliai (D:12)
  A hornet (shapeshifter) (D:12)
  4 hornets
  3 raiju (Lair:6)
  Grinder (D:4)
  18 blink frogs
  37 dream sheep
  7 tyrant leeches
  4 bog bodies
  15 hippogriffs
  4 slime creatures
  A shadow (D:10)
  47 yaks
  A vampire (D:10)
  A spriggan (Swamp:2)
  4 wyverns
  5 wraiths (D:11)
  5 basilisks
  10 fire bats
  3 hungry ghosts
  7 vampire mosquitoes
  Grum (D:8)
  A steam dragon (D:8)
  5 wargs
  A soldier ant (D:8)
  4 swamp worms
  16 crocodiles
  10 water moccasins
  2 acid dragons (D:12)
  13 hell hounds (Lair:6)
  8 porcupines
  A swamp drake (Swamp:1)
  23 orc warriors
  2 phantoms (D:5)
  4 ice beasts
  5 sky beasts
  19 black bears
  An eye of draining (D:12)
  26 wolves
  14 ogres
  A necrophage (D:8)
  4 centaurs
  2 big kobolds
  12 bullfrogs
  2 gnoll sergeants (D:11)
  A water moccasin zombie (D:6)
  2 scorpions
  30 killer bees
  12 howler monkeys
  23 wights
  6 crimson imps
  3 bullfrog zombies
  6 lava snakes (Volcano)
  3 jellies
  A quasit (D:5)
  4 hounds
  A gnoll shaman (D:8)
  14 orc priests
  2 iguanas
  Ijyb (D:3)
  3 bullfrog skeletons
  Terence (D:3)
  28 orc wizards
  15 worker ants
  15 hell rats
  2 hound zombies
  A hound skeleton (D:10)
  19 gnolls
  10 adders
  6 river rats (D:7)
  3 shadow imps
  An ooze (D:1)
  3 adder skeletons (D:7)
  3 adder zombies
  A dart slug (D:1)
  A worm (D:3)
  6 leopard geckos
  70 orcs
  4 goblins
  5 hobgoblins
  7 jackals
  25 kobolds
  9 quokkas
  2 ball pythons
  6 bats
  5 frilled lizards
  21 rats
  2 plants (Lair:6)
883 creatures vanquished.

Vanquished Creatures (others)
  2 humans (Lair:5)
  A hog (Lair:5)
  A hell hound (Lair:6)
  An orc warrior (Orc)
  A bullfrog (Lair:5)
  A bush (Lair:3)
  18 fungi
  30 plants
  5 toadstools (D:8)
60 creatures vanquished.

Grand Total: 943 creatures vanquished

Notes
Turn   | Place    | Note
-------+----------+-------------------------------------------
     0 | D:1      | Mehrunes the Avariel Reaver began the quest for the Orb.
     0 | D:1      | Reached XP level 1. HP: 13/13 MP: 6/6
   251 | D:1      | Reached XP level 2. HP: 12/18 MP: 7/7
   629 | D:1      | Reached XP level 3. HP: 22/22 MP: 9/9
  1088 | D:2      | Reached * piety under Vehumet
  1088 | D:2      | Offered knowledge of Shock by Vehumet.
  1152 | D:2      | Reached skill level 5 in Long Blades
  1585 | D:2      | Learned a level 1 spell: Shock
  1609 | D:2      | Found a faded altar of an unknown god.
  1689 | D:2      | Reached XP level 4. HP: 27/27 MP: 7/10
  1855 | D:3      | Noticed Terence
  2185 | D:3      | Noticed Ijyb
  2246 | D:3      | Killed Ijyb
  2247 | D:3      | Reached skill level 1 in Conjurations
  2247 | D:3      | Reached skill level 1 in Air Magic
  2247 | D:3      | Reached XP level 5. HP: 31/31 MP: 11/11
  2458 | D:3      | Found a radiant altar of Vehumet.
  2534 | D:3      | Reached ** piety under Vehumet
  2565 | D:3      | Learned a level 5 spell: Iskenderun's Battlesphere
  2601 | D:3      | Killed Terence
  2602 | D:3      | Reached skill level 1 in Short Blades
  2806 | D:4      | Noticed Grinder
  2865 | D:3      | Reached XP level 6. HP: 18/36 MP: 12/12
  2867 | D:3      | Offered knowledge of Flame Tongue by Vehumet.
  2955 | D:3      | Learned a level 1 spell: Flame Tongue
  3024 | D:4      | Noticed a sky beast
  3146 | D:3      | Killed a sky beast
  3349 | D:4      | Reached XP level 7. HP: 40/40 MP: 13/13
  3639 | D:4      | Found a white marble altar of Elyvilon.
  3768 | D:5      | Entered Level 5 of the Dungeon
  3768 | D:5      | Found Dezein's Lightly-Used Armoury.
  3790 | D:5      | Reached skill level 4 in Dodging
  3895 | D:5      | Reached skill level 5 in Dodging
  3987 | D:5      | Got a crystal trident
  4027 | D:5      | Reached skill level 6 in Dodging
  4027 | D:5      | Reached XP level 8. HP: 45/45 MP: 14/14
  4127 | D:5      | Reached skill level 7 in Dodging
  4194 | D:5      | Offered knowledge of Mephitic Cloud by Vehumet.
  4224 | D:5      | Reached skill level 1 in Charms
  4356 | D:5      | Reached *** piety under Vehumet
  4459 | D:5      | Got a pair of jewelled boots
  4511 | D:5      | Identified the Almanac of Floating Attacks
  4829 | D:4      | Killed Grinder
  4830 | D:4      | Reached skill level 5 in Conjurations
  5097 | D:4      | Reached skill level 5 in Charms
  5333 | D:6      | Found a staircase to the Ecumenical Temple.
  5359 | D:6      | Gained mutation: You can fly continuously. [Avariel growth]
  5359 | D:6      | Reached XP level 9. HP: 49/49 MP: 15/15
  5991 | D:7      | Offered knowledge of Fulminant Prism by Vehumet.
  6295 | D:7      | Reached **** piety under Vehumet
  6311 | D:7      | Found an iron altar of Okawaru.
  6393 | D:7      | Offered knowledge of Lightning Bolt by Vehumet.
  6401 | D:7      | Reached skill level 5 in Fighting
  6407 | D:7      | Reached skill level 5 in Short Blades
  6727 | D:7      | Reached XP level 10. HP: 26/59 MP: 6/16
  7361 | D:8      | Noticed a two-headed ogre
  7376 | D:8      | Killed a two-headed ogre
  7394 | D:8      | Noticed Psyche
  7790 | D:7      | Identified the +2 pair of boots of Unefou {Int+5} (You
                  | found it on level 5 of the Dungeon)
  7908 | D:8      | Reached ***** piety under Vehumet
  7972 | D:8      | Offered knowledge of Freezing Cloud by Vehumet.
  7985 | D:8      | Learned a level 5 spell: Bolt of Magma
  8005 | D:8      | Reached skill level 1 in Earth Magic
  8155 | D:8      | Noticed Grum
  8165 | D:8      | Killed Grum
  8367 | D:8      | Reached XP level 11. HP: 63/63 MP: 17/17
  8405 | D:8      | Noticed a cyan ugly thing
  8725 | D:8      | Killed Psyche
  8726 | D:8      | Reached skill level 8 in Dodging
  8740 | D:8      | Killed a cyan ugly thing
  8741 | D:8      | Reached skill level 9 in Dodging
  9261 | D:9      | Noticed an ogre mage
  9267 | D:9      | Killed an ogre mage
  9268 | D:9      | Reached skill level 10 in Dodging
  9292 | D:9      | Found a roughly hewn altar of Beogh.
  9292 | D:9      | Found a staircase to the Orcish Mines.
  9515 | D:9      | Offered knowledge of Orb of Destruction by Vehumet.
  9564 | D:9      | Found Viothruf's Antique Weapon Shoppe.
  9618 | D:9      | Found a staircase to the Lair.
  9634 | D:9      | Reached skill level 5 in Fire Magic
 10217 | D:9      | Reached skill level 5 in Spellcasting
 10224 | D:9      | Noticed an orc knight
 10233 | D:9      | Killed an orc knight
 10491 | D:10     | Entered Level 10 of the Dungeon
 10592 | D:10     | Reached XP level 12. HP: 57/69 MP: 21/21
 10634 | D:10     | Learned a level 7 spell: Orb of Destruction
 10654 | D:10     | Noticed Harold
 10771 | Lair:1   | Entered Level 1 of the Lair of Beasts
 11132 | Lair:1   | Noticed Fannar
 11371 | Lair:1   | Noticed Prince Ribbit
 11383 | Lair:1   | Killed Prince Ribbit
 11747 | Lair:1   | Reached skill level 10 in Conjurations
 12148 | Lair:2   | Noticed Urug
 12181 | Lair:2   | Killed Urug
 12336 | Lair:2   | Found a dark tunnel.
 12345 | Volcano  | Entered a volcano
 12367 | Volcano  | Offered knowledge of Bolt of Draining by Vehumet.
 13560 | Lair:2   | Reached skill level 11 in Dodging
 13560 | Lair:2   | Reached XP level 13. HP: 66/76 MP: 22/22
 13969 | Lair:3   | Offered knowledge of Bolt of Fire by Vehumet.
 14026 | Lair:3   | Reached skill level 12 in Dodging
 14208 | Lair:3   | Found a runed door.
 14499 | Lair:3   | Reached skill level 13 in Dodging
 14612 | Lair:3   | Found a runed translucent gate.
 14904 | Lair:3   | Found a runed translucent gate.
 14904 | Lair:3   | Noticed Huasawuy's ghost (journeyman TrWz)
 14905 | Lair:3   | Found a runed translucent gate.
 15016 | Lair:3   | Found a staircase to the Swamp.
 15036 | Lair:3   | Found a hole to the Spider Nest.
 15345 | Lair:4   | Reached skill level 14 in Dodging
 16507 | Lair:5   | Noticed yrara's ghost (journeyman DsFi)
 16510 | Lair:5   | Found a runed translucent gate.
 16525 | Lair:5   | Offered knowledge of Conjure Ball Lightning by Vehumet.
 16568 | Lair:5   | Found a runed translucent gate.
 16568 | Lair:5   | Found a runed translucent gate.
 16590 | Lair:5   | Reached XP level 14. HP: 77/86 MP: 18/23
 16634 | Lair:5   | Noticed Kirke
 16650 | Lair:5   | Killed Kirke
 16776 | Lair:5   | Noticed Sonja
 16780 | Lair:5   | Killed Sonja
 16829 | Lair:5   | Identified a scroll of acquirement
 16829 | Lair:5   | Identified the +0 hat of the Zebra {Str+3 Int+3 Slay+2}
                  | (You acquired it on level 5 of the Lair of Beasts)
 16829 | Lair:5   | Identified the ring of Myent {Fire Dex+6} (You acquired it
                  | on level 5 of the Lair of Beasts)
 16926 | Lair:5   | Reached skill level 10 in Fighting
 17463 | Lair:6   | Entered Level 6 of the Lair of Beasts
 17953 | Lair:5   | Found a runed translucent gate.
 17954 | Lair:5   | Found a runed translucent gate.
 17955 | Lair:5   | Found a runed translucent gate.
 19039 | Lair:6   | Found a staircase to the Slime Pits.
 19041 | Lair:6   | Found a viscous altar of Jiyva.
 19546 | Lair:6   | Reached skill level 5 in Armour
 19554 | Lair:6   | Offered knowledge of Iron Shot by Vehumet.
 20452 | Lair:6   | Reached XP level 15. HP: 90/96 MP: 23/24
 21193 | Lair:6   | Reached ****** piety under Vehumet
 21776 | D:10     | Noticed Joseph
 21781 | D:10     | Killed Joseph
 21782 | D:10     | Reached skill level 15 in Dodging
 21871 | D:10     | Killed Harold
 22652 | D:11     | Noticed Snorg
 22655 | D:11     | Killed Snorg
 23340 | D:11     | Found Xupa's General Store.
 23515 | D:11     | Found Rerghaen's Jewellery Boutique.
 23543 | D:11     | Reached skill level 16 in Dodging
 23628 | D:11     | Reached skill level 1 in Shields
 23767 | D:11     | Found Aptoatze's Assorted Antiques.
 24147 | D:12     | Entered Level 12 of the Dungeon
 25181 | Orc      | Entered the Orcish Mines
 25210 | Orc      | Noticed Rupert
 25501 | D:11     | Reached skill level 5 in Shields
 26348 | D:12     | Found a staircase to the Depths.
 26395 | D:12     | Reached XP level 16. HP: 65/101 MP: 25/25
 26480 | D:12     | Found a gate to the Vaults.
 26538 | D:12     | Reached skill level 10 in Armour
 27210 | Orc      | Killed Rupert
 27218 | D:9      | Offered knowledge of Mana Rupture by Vehumet.
 27347 | Orc      | Found a staircase to the Elven Halls.
 27537 | D:11     | Bought the +9 scales of the Dragon King {rPois rF+ rC+ MR+}
                  | for 1622 gold pieces
 27537 | D:11     | Found the +9 scales of the Dragon King {rPois rF+ rC+ MR+}
 28319 | Orc      | Found Seyfywae's General Store.
 28319 | Orc      | Found Qawnio's Antique Armour Shoppe.
 28319 | Orc      | Found Fehor's Book Shoppe.
 28324 | Orc      | Found Utanios's Assorted Antiques.
 28665 | Orc      | Found a roughly hewn altar of Beogh.
 29162 | Swamp:1  | Entered Level 1 of the Swamp
 30182 | D:5      | Bought a -1 demon blade for 156 gold pieces
 30775 | Orc      | Bought a scroll of brand weapon for 306 gold pieces
 31462 | Lair:3   | Found a runed translucent gate.
 31462 | Lair:3   | Found a runed translucent gate.
 31462 | Lair:3   | Found a runed translucent gate.
 31499 | Lair:3   | Found a staircase to the Swamp.
 31505 | Lair:3   | Found a hole to the Spider Nest.
 32537 | Depths:1 | Entered Level 1 of the Depths
 32541 | Depths:1 | Noticed a frost giant
 33741 | Swamp:2  | Noticed a thorn hunter
 33774 | Swamp:1  | Slain by a will-o'-wisp

Skill      XL: |  1  2  3  4  5  6  7  8  9 10 11 12 13 14 15 16 |
---------------+-------------------------------------------------+-----
Long Blades    | 4 5 6 8 |  8.8
Conjurations   | 1 2 4 6 8 13 14 | 14.3
Air Magic      | 1 2 |  2.4
Short Blades   | 1 7 9 |  9.2
Fire Magic     | 3 4 6 |  6.0
Dodging        | 6 7 10 11 14 16 | 16.0
Charms         | 5 6 |  6.0
Fighting       | 5 7 9 12 | 12.0
Armour         | 4 8 9 11 | 11.0
Earth Magic    | 3 4 |  4.0
Spellcasting   | 5 |  5.0
Shields        | 6 |  6.0

Action                   |  1- 3 |  4- 6 |  7- 9 | 10-12 | 13-15 | 16-18 || total
-------------------------+-------+-------+-------+-------+-------+-------++-------
Melee: Long sword        |   130 |    24 |       |       |       |       ||   154
       Unarmed           |       |     9 |       |       |       |       ||     9
       Dagger            |       |    56 |    37 |    67 |   171 |   362 ||   693
       Demon blade       |       |       |       |       |       |    65 ||    65
 Cast: Shock             |     5 |    63 |    28 |   261 |   526 |    55 ||   938
       Flame Tongue      |       |    17 |   317 |   298 |   380 |   105 ||  1117
       Iskenderun's Batt |       |       |    18 |    76 |   135 |    24 ||   253
       Bolt of Magma     |       |       |       |     6 |    54 |     1 ||    61
       Orb of Destructio |       |       |       |       |    35 |    19 ||    54
 Abil: Fly               |       |       |       |     4 |       |       ||     4
       Stop Flying       |       |       |       |     4 |       |       ||     4
  Use: Potion            |       |     2 |       |     3 |     2 |     3 ||    10
       Scroll            |       |       |     1 |    14 |     9 |     5 ||    29
 Stab: Confused          |       |     2 |       |       |       |       ||     2
       Sleeping          |       |       |       |     1 |       |       ||     1
  Eat: Chunk             |     6 |     8 |    18 |    51 |   118 |    18 ||   219
       Ration            |       |       |     1 |     3 |     7 |     9 ||    20
Armor: Steam dragon scal |    37 |    42 |    81 |    83 |   174 |    17 ||   434
       Skin              |       |     2 |       |       |       |       ||     2
       Gold dragon scale |       |       |       |       |       |   285 ||   285
Dodge: Dodged            |   105 |    84 |   172 |   306 |   896 |   256 ||  1819
Block: Other             |     2 |       |       |       |       |       ||     2
       Buckler           |       |       |       |       |       |   115 ||   115
